ITL
RICHMOND FLAIRS @ BIRMINGHAM BARONS
05/26/2030
 
TOP OF THE 1ST
Richmond Flairs batting - Pitching for Birmingham Barons : RHP Pedro Valdés
Pitching: RHP Pedro Valdés
Batting: RHB Lonson Seals 0-0: Called Strike
0-1: Ground out 1-3 (Groundball, 13S)
Batting: RHB Jack Ray 0-0: Called Strike
0-1: Ball
1-1: Fly out, F8 (Line Drive, 8RXD)
Batting: RHB Joe Courtier 0-0: Swinging Strike
0-1: Ball
1-1: Called Strike
1-2: Ball
2-2: Ball
3-2: Strikes out swinging
Top of the 1st over - 0 runs, 0 hits, 0 errors, 0 left on base; Richmond 0 - Birmingham 0
BOTTOM OF THE 1ST
Birmingham Barons batting - Pitching for Richmond Flairs : RHP Alfonso Rodríguez
Pitching: RHP Alfonso Rodríguez
Batting: RHB Jerry Johnston 0-0: Ball
1-0: Foul Ball, location: 2F
1-1: Foul Ball, location: 2F
1-2: Strikes out swinging
Batting: RHB Chris Parker 0-0: Ball
1-0: Ball
2-0: Ball
3-0: Called Strike
3-1: Base on Balls
Batting: RHB Nick Webb 0-0: Ball
1-0: Called Strike
1-1: Ball
2-1: Ball
3-1: Base on Balls
Chris Parker to second
Batting: RHB Bryant von Bohlen 0-0: Called Strike
0-1: Swinging Strike
0-2: Ball
1-2: Strikes out looking
Batting: RHB Fred Moulds 0-0: Ball
1-0: Ball
2-0: Ball
3-0: Base on Balls
Chris Parker to third
Nick Webb to second
Batting: RHB Dean Bailey 0-0: Ball
1-0: Ball
2-0: Ball
3-0: Base on Balls
Chris Parker scores
Nick Webb to third
Fred Moulds to second
Batting: RHB Dave Dawson 0-0: Ball
1-0: Called Strike
1-1: Swinging Strike
1-2: Foul Ball, location: 2F
1-2: Strikes out swinging
Bottom of the 1st over - 1 run, 0 hits, 0 errors, 3 left on base; Richmond 0 - Birmingham 1
TOP OF THE 2ND
Richmond Flairs batting - Pitching for Birmingham Barons : RHP Pedro Valdés
Batting: LHB Sean Nicks 0-0: Ball
1-0: Ball
2-0: Ball
3-0: Base on Balls
Batting: LHB Roland Jones 0-0: Ball
1-0: Called Strike
1-1: Foul Ball, location: 2F
1-2: Strikes out swinging
Batting: RHB Miguel Hernández 0-0: Fly out, F9 (Line Drive, 9S)
Batting: LHB R.J. Courtney 0-0: Ball
1-0: Foul Ball, location: 2F
1-1: Ball
2-1: Ball
3-1: Base on Balls
Sean Nicks to second
Batting: RHB Christian Hudson 0-0: Called Strike
0-1: Foul Ball, location: 2F
0-2: Ball
1-2: Strikes out swinging
Top of the 2nd over - 0 runs, 0 hits, 0 errors, 2 left on base; Richmond 0 - Birmingham 1
BOTTOM OF THE 2ND
Birmingham Barons batting - Pitching for Richmond Flairs : RHP Alfonso Rodríguez
Batting: RHB Bob McDonald 0-0: Foul Ball, location: 2F
0-1: Ball
1-1: Ball
2-1: Ball
3-1: Base on Balls
Batting: SHB Randy Anderson 0-0: Ball
Pickoff Throw to First - Out!
1-0: Called Strike
1-1: Ball
2-1: Fly out, F7 (Flyball, 7S)
Batting: RHB Jerry Johnston 0-0: Ball
1-0: Called Strike
1-1: Swinging Strike
1-2: Ball
2-2: Foul Ball, location: 2F
2-2: Foul Ball, location: 2F
2-2: Foul Ball, location: 2F
2-2: Foul Ball, location: 2F
2-2: Foul Ball, location: 2F
2-2: Strikes out looking
Bottom of the 2nd over - 0 runs, 0 hits, 0 errors, 0 left on base; Richmond 0 - Birmingham 1
TOP OF THE 3RD
Richmond Flairs batting - Pitching for Birmingham Barons : RHP Pedro Valdés
Batting: RHB Alejandro Ramos 0-0: Ground out 5-3 (Groundball, 56)
Batting: RHB Lonson Seals 0-0: Ground out 6-3 (Groundball, 6)
Batting: RHB Jack Ray 0-0: Foul Ball, location: 2F
0-1: Swinging Strike
0-2: Foul Ball, location: 2F
0-2: Strikes out looking
Top of the 3rd over - 0 runs, 0 hits, 0 errors, 0 left on base; Richmond 0 - Birmingham 1
BOTTOM OF THE 3RD
Birmingham Barons batting - Pitching for Richmond Flairs : RHP Alfonso Rodríguez
Batting: RHB Chris Parker 0-0: Swinging Strike
0-1: Ball
1-1: SINGLE (Groundball, 4D)
Batting: RHB Nick Webb 0-0: Ball
1-0: Ball
2-0: Foul Ball, location: 2F
2-1: Ball
3-1: Base on Balls
Chris Parker to second
Batting: RHB Bryant von Bohlen 0-0: Called Strike
0-1: Ball
1-1: Foul Ball, location: 2F
1-2: Ball
2-2: Fly out, F9 (Flyball, 89S)
Pitching: RHP Sandro Gonzáles
Batting: RHB Fred Moulds 0-0: Called Strike
0-1: Ball
1-1: Called Strike
1-2: Ball
2-2: Grounds into double play, 5-4-3 (Groundball, 5)
Bottom of the 3rd over - 0 runs, 1 hit, 0 errors, 1 left on base; Richmond 0 - Birmingham 1
TOP OF THE 4TH
Richmond Flairs batting - Pitching for Birmingham Barons : RHP Pedro Valdés
Batting: RHB Joe Courtier 0-0: Called Strike
0-1: Ball
1-1: SINGLE (Line Drive, 7S)
Batting: LHB Sean Nicks 0-0: Ball
1-0: DOUBLE (Groundball, 3L)
Joe Courtier to third
Batting: LHB Roland Jones 0-0: Ball
1-0: Ground out U3 (Groundball, 34)
Joe Courtier scores
Sean Nicks to third
Batting: RHB Miguel Hernández 0-0: Called Strike
0-1: Foul Ball, location: 2F
0-2: Ball
1-2: Strikes out swinging
Batting: LHB R.J. Courtney 0-0: Ball
1-0: Called Strike
1-1: Foul Ball, location: 2F
1-2: SINGLE (Flyball, 9LS)
Sean Nicks scores
Batting: RHB Christian Hudson 0-0: Ball
1-0: Ball
2-0: Foul Ball, location: 2F
2-1: Ball
3-1: Base on Balls
R.J. Courtney to second
Batting: RHB Alejandro Ramos 0-0: Reached on error, E4 (Groundball, 4)
R.J. Courtney to third
Christian Hudson to second
Batting: RHB Lonson Seals 0-0: Ball
1-0: Ball
2-0: Ball
3-0: Base on Balls
R.J. Courtney scores
Christian Hudson to third
Alejandro Ramos to second
Batting: RHB Jack Ray 0-0: Called Strike
0-1: Fielders Choice at 2nd, 5-4 (Groundball, 5)
Top of the 4th over - 3 runs, 3 hits, 1 error, 3 left on base; Richmond 3 - Birmingham 1
BOTTOM OF THE 4TH
Birmingham Barons batting - Pitching for Richmond Flairs : RHP Sandro Gonzáles
Batting: RHB Dean Bailey 0-0: Ground out 6-3 (Groundball, 6D)
Batting: RHB Dave Dawson 0-0: Ground out 6-3 (Groundball, 6)
Batting: RHB Bob McDonald 0-0: Ball
1-0: Ball
2-0: Hit by Pitch
Batting: SHB Randy Anderson 0-0: Ball
1-0: Called Strike
1-1: Foul Ball, location: 2F
1-2: Ball
2-2: TRIPLE (Flyball, 8RXD)
Bob McDonald scores
Batting: RHB Jerry Johnston 0-0: Ball
1-0: Ball
2-0: Foul Ball, location: 2F
2-1: Called Strike
2-2: Ball
3-2: Base on Balls
Batting: RHB Chris Parker 0-0: Called Strike
0-1: Ball
1-1: Swinging Strike
1-2: Fielders Choice at 2nd, 5-4 (Groundball, 56)
Bottom of the 4th over - 1 run, 1 hit, 0 errors, 2 left on base; Richmond 3 - Birmingham 2
TOP OF THE 5TH
Richmond Flairs batting - Pitching for Birmingham Barons : RHP Pedro Valdés
Batting: RHB Joe Courtier 0-0: Ball
1-0: Ball
2-0: Fly out, F8 (Flyball, 89D)
Batting: LHB Sean Nicks 0-0: Fly out, F7 (Flyball, 7S)
Batting: LHB Roland Jones 0-0: Foul Ball, location: 2F
0-1: Ball
1-1: Foul Ball, location: 2F
1-2: Fly out, F8 (Flyball, 8RM)
Top of the 5th over - 0 runs, 0 hits, 0 errors, 0 left on base; Richmond 3 - Birmingham 2
BOTTOM OF THE 5TH
Birmingham Barons batting - Pitching for Richmond Flairs : RHP Sandro Gonzáles
Batting: RHB Nick Webb 0-0: Fly out, F9 (Flyball, 89XD)
Batting: RHB Bryant von Bohlen 0-0: Ball
1-0: Called Strike
1-1: Foul Ball, location: 2F
1-2: Ball
2-2: Ball
3-2: Reached on error, E8 (Flyball, 78D)
Batting: RHB Fred Moulds 0-0: Ball
1-0: Ball
2-0: Ball
3-0: Base on Balls
Bryant von Bohlen to second
Batting: RHB Dean Bailey 0-0: Ball
1-0: Swinging Strike
1-1: Ball
2-1: Fly out, F6 (Line Drive, 6M)
Batting: RHB Dave Dawson 0-0: Called Strike
0-1: Ball
1-1: Foul Ball, location: 2F
1-2: Foul Ball, location: 2F
1-2: SINGLE (Line Drive, 6M)
Bryant von Bohlen to third
Fred Moulds to second
Batting: RHB Bob McDonald 0-0: Called Strike
0-1: Ground out 4-3 (Groundball, 4)
Bottom of the 5th over - 0 runs, 1 hit, 1 error, 3 left on base; Richmond 3 - Birmingham 2
TOP OF THE 6TH
Richmond Flairs batting - Pitching for Birmingham Barons : RHP Pedro Valdés
Batting: RHB Miguel Hernández 0-0: Ball
1-0: Fly out, F4 (Line Drive, 34D)
Batting: LHB R.J. Courtney 0-0: Ball
1-0: Ball
2-0: Fly out, F8 (Line Drive, 8RS)
Batting: RHB Christian Hudson 0-0: SINGLE (Flyball, 89M)
Batting: RHB Alejandro Ramos 0-0: Foul Ball, location: 2F
0-1: Ball
1-1: Fly out, F7 (Flyball, 7LM)
Top of the 6th over - 0 runs, 1 hit, 0 errors, 1 left on base; Richmond 3 - Birmingham 2
BOTTOM OF THE 6TH
Birmingham Barons batting - Pitching for Richmond Flairs : RHP Sandro Gonzáles
Batting: SHB Randy Anderson 0-0: SINGLE (Groundball, 56D)
Batting: RHB Jerry Johnston 0-0: Ball
Randy Anderson steals 2nd base
1-0: Ball
2-0: Ball
3-0: Base on Balls
Batting: RHB Chris Parker 0-0: SINGLE (Groundball, 4MD)
Randy Anderson to third
Jerry Johnston to second
Runner from 3rd tries for Home, SAFE, throw made home
Batting: RHB Nick Webb 0-0: Ball
1-0: Swinging Strike
1-1: Foul Ball, location: 2F
1-2: SINGLE (Groundball, 4MD)
Jerry Johnston to third
Chris Parker to second
Runner from 3rd tries for Home, SAFE, no throw
Batting: RHB Bryant von Bohlen 0-0: Called Strike
0-1: Fly out, F7 (Flyball, 7S)
Batting: RHB Fred Moulds 0-0: Ball
1-0: Ball
2-0: Ball
3-0: Base on Balls
Chris Parker to third
Nick Webb to second
Pitching: LHP Orlando Díaz
Batting: RHB Dean Bailey 0-0: Ball
1-0: Swinging Strike
1-1: Ball
2-1: Foul Ball, location: 2F
2-2: Ball
3-2: Base on Balls
Chris Parker scores
Nick Webb to third
Fred Moulds to second
Batting: RHB Dave Dawson 0-0: Foul Ball, location: 2F
0-1: Fly out, F9 (Line Drive, 9)
Runner from 3rd tags up, SCORES, throw made
Batting: RHB Bob McDonald 0-0: Ball
1-0: Ball
2-0: Ball
3-0: Base on Balls
Fred Moulds to third
Dean Bailey to second
Batting: SHB Randy Anderson 0-0: SINGLE (Groundball, P) (infield hit)
Fred Moulds scores
Dean Bailey to third
Bob McDonald to second
Batting: RHB Jerry Johnston 0-0: Foul Ball, location: 2F
0-1: Ball
1-1: Foul Ball, location: 2F
1-2: Foul Ball, location: 2F
1-2: Ball
2-2: Foul Ball, location: 2F
2-2: Ball
3-2: Foul Ball, location: 2F
3-2: Base on Balls
Dean Bailey scores
Bob McDonald to third
Randy Anderson to second
Batting: RHB Chris Parker 0-0: Called Strike
0-1: Ball
1-1: Ball
2-1: Foul Ball, location: 2F
2-2: SINGLE (Groundball, 4D)
Bob McDonald scores
Randy Anderson to third
Jerry Johnston to second
Runner from 3rd tries for Home, SAFE, no throw
Batting: RHB Nick Webb 0-0: Ball
1-0: Ball
2-0: Ball
3-0: Base on Balls
Jerry Johnston to third
Chris Parker to second
Batting: RHB Bryant von Bohlen 0-0: Ball
1-0: Ball
2-0: Ball
3-0: Base on Balls
Jerry Johnston scores
Chris Parker to third
Nick Webb to second
Batting: RHB Fred Moulds 0-0: Ball
1-0: GRAND SLAM HOME RUN (Flyball, 7LD), Distance : 337 ft
Pitching: RHP Guo-xiu Hsueh
Batting: RHB Dean Bailey 0-0: Called Strike
0-1: Fly out, F7 (Line Drive, 7)
Bottom of the 6th over - 13 runs, 6 hits, 0 errors, 0 left on base; Richmond 3 - Birmingham 15
TOP OF THE 7TH
Richmond Flairs batting - Pitching for Birmingham Barons : RHP Pedro Valdés
Batting: RHB Lonson Seals 0-0: Foul Ball, location: 2F
0-1: Called Strike
0-2: Foul Ball, location: 2F
0-2: Fly out, F5 (Popup, 15S)
Batting: RHB Jack Ray 0-0: Ball
1-0: Ball
2-0: Foul Ball, location: 2F
2-1: Foul Ball, location: 2F
2-2: DOUBLE (Line Drive, 89D) - OUT at third base trying to stretch hit.
Batting: RHB Joe Courtier 0-0: Reached on error, E6 (Groundball, 6)
Batting: LHB Sean Nicks 0-0: SINGLE (Line Drive, 8RS)
Joe Courtier to second
Batting: LHB Roland Jones 0-0: Ball
1-0: Called Strike
1-1: Ground out 4-3 (Groundball, 4)
Top of the 7th over - 0 runs, 2 hits, 1 error, 2 left on base; Richmond 3 - Birmingham 15
BOTTOM OF THE 7TH
Birmingham Barons batting - Pitching for Richmond Flairs : RHP Guo-xiu Hsueh
Batting: RHB Dave Dawson 0-0: Called Strike
0-1: Ball
1-1: Called Strike
1-2: Ball
2-2: Fly out, F7 (Flyball, 7D)
Batting: RHB Bob McDonald 0-0: Foul Ball, location: 2F
0-1: Foul Ball, location: 2F
0-2: Ball
1-2: Fly out, F9 (Line Drive, 9)
Batting: SHB Randy Anderson 0-0: Foul Ball, location: 2F
0-1: Ball
1-1: Foul Ball, location: 2F
1-2: Ball
2-2: Foul Ball, location: 2F
2-2: Ball
3-2: Strikes out swinging
Bottom of the 7th over - 0 runs, 0 hits, 0 errors, 0 left on base; Richmond 3 - Birmingham 15
TOP OF THE 8TH
Richmond Flairs batting - Pitching for Birmingham Barons : RHP Pedro Valdés
Now at 1B: Juan Jiménez
Batting: RHB Miguel Hernández 0-0: Ball
1-0: Foul Ball, location: 2F
1-1: Ball
2-1: Foul Ball, location: 2F
2-2: Foul Ball, location: 2F
2-2: Strikes out swinging
Batting: LHB R.J. Courtney 0-0: Called Strike
0-1: Foul Ball, location: 2F
0-2: Strikes out swinging
Batting: RHB Christian Hudson 0-0: Ball
1-0: Ball
2-0: Ball
3-0: Called Strike
3-1: Ground out 4-3 (Groundball, 4)
Top of the 8th over - 0 runs, 0 hits, 0 errors, 0 left on base; Richmond 3 - Birmingham 15
BOTTOM OF THE 8TH
Birmingham Barons batting - Pitching for Richmond Flairs : RHP Guo-xiu Hsueh
Batting: RHB Jerry Johnston 0-0: Ball
1-0: Ball
2-0: Foul Ball, location: 2F
2-1: Ball
3-1: Fly out, F9 (Flyball, 89S)
Batting: RHB Chris Parker 0-0: Ball
1-0: Ball
2-0: Called Strike
2-1: Ball
3-1: Base on Balls
Batting: RHB Nick Webb 0-0: Ball
1-0: SINGLE (Groundball, 34D)
Chris Parker to second
Runner from 2nd tries for 3rd, SAFE, no throw
Batting: RHB Bryant von Bohlen 0-0: SINGLE (Line Drive, 5L)
Chris Parker scores
Nick Webb to second
Batting: RHB Fred Moulds 0-0: Ball
Nick Webb is caught stealing 3rd base
Bryant von Bohlen to second
1-0: Called Strike
1-1: Called Strike
1-2: Foul Ball, location: 2F
1-2: Strikes out swinging
Bottom of the 8th over - 1 run, 2 hits, 0 errors, 1 left on base; Richmond 3 - Birmingham 16
TOP OF THE 9TH
Richmond Flairs batting - Pitching for Birmingham Barons : RHP Pedro Valdés
Batting: RHB Alejandro Ramos 0-0: Ground out 1-3 (Groundball, 13)
Batting: RHB Lonson Seals 0-0: Called Strike
0-1: Swinging Strike
0-2: Strikes out swinging
Batting: RHB Jack Ray 0-0: Ball
1-0: Called Strike
1-1: Called Strike
1-2: Foul Ball, location: 2F
1-2: Fly out, F8 (Flyball, 8RM)
Top of the 9th over - 0 runs, 0 hits, 0 errors, 0 left on base; Richmond 3 - Birmingham 16
Saturday, April 7th, 2018 - OOTP Baseball 18.8 Build 76